 Dungeon Crawl Stone Soup version 0.21-a0-401-g0b6bec4 (webtiles) character file.

398 Spazmo the Magician (level 6, -2/32 HPs)
             Began as a Deep Elf Fire Elementalist on Oct 25, 2017.
             Slain by an orc
             ... wielding a +0 whip of electrocution
              (5 damage)
             ... on level 3 of the Dungeon.
             The game lasted 00:08:34 (2536 turns).

Spazmo the Magician (Deep Elf Fire Elementalist)    Turns: 2536, Time: 00:08:35

Health: -2/32      AC:  5    Str:  3 (5)  XL:     6   Next: 53%
Magic:  13/16      EV: 12    Int: 25 (27) God:
Gold:   131        SH:  0    Dex: 12 (15) Spells: 1/16 levels left

rFire    . . .     SeeInvis .   l - +1 dagger (venom)
rCold    . . .     Gourm    +   j - +0 buckler
rNeg     . . .     Faith    .   a - +0 robe
rPois    .         Spirit   .   (no helmet)
rElec    .         Reflect  .   i - +2 cloak
rCorr    .         Harm     .   (no gloves)
MR       .....                  (no boots)
Stlth    +.........             n - amulet of the gourmand
HPRegen  0.10/turn              q - ring of wizardry
MPRegen  0.15/turn              (no ring)

@: confused, brilliant
A: no striking features
a: no special abilities


You were on level 3 of the Dungeon.
You were very full.

You visited 1 branch of the dungeon, and saw 3 of its levels.

You collected 131 gold pieces.

Inventory:

Hand Weapons
 l - a +1 dagger of venom (weapon)
Missiles
 g - 126 stones (quivered)
Armour
 a - a +0 robe (worn)
 i - a +2 cloak (worn)
 j - a +0 buckler (worn)
Jewellery
 n - an amulet of the gourmand (around neck)
 q - a ring of wizardry (left hand)
Scrolls
 e - 2 scrolls of remove curse
 f - 3 scrolls of enchant weapon {unknown}
 h - a scroll of identify
 m - a scroll of immolation {unknown}
Potions
 d - a potion of resistance
 o - a potion of degeneration
Books
 b - a book of Flames

   Spells                             Type                      Level
   a - Flame Tongue                   Conjuration/Fire             1
   b - Throw Flame                    Conjuration/Fire             2
   c - Conjure Flame                  Conjuration/Fire             3
   d - Inner Flame                    Hexes/Fire                   3
   e - Sticky Flame                   Conjuration/Fire             4
   f - Fireball                       Conjuration/Fire             5
 p - a book of Conjurations

   Spells                             Type                      Level
   a - Magic Dart                     Conjuration                  1
   b - Searing Ray                    Conjuration                  2
   c - Dazzling Spray                 Conjuration/Hexes            3
   d - Fulminant Prism                Conjuration/Hexes            4
   e - Force Lance                    Conjuration/Translocation    4
   f - Iskenderun's Mystic Blast      Conjuration                  4
 s - a book of Changes

   Spells                             Type                      Level
   a - Beastly Appendage              Transmutation                1
   b - Sticks to Snakes               Transmutation                2
   c - Spider Form                    Transmutation/Poison         3
   d - Ice Form                       Ice/Transmutation            4
   e - Blade Hands                    Transmutation                5
Comestibles
 c - 5 bread rations
 k - 3 royal jellies


   Skills:
 - Level 3.1 Dodging
 - Level 3.0 Stealth
 + Level 0.6 Shields
 + Level 5.6 Spellcasting
 + Level 4.0 Conjurations
 + Level 5.1 Fire Magic


You had one spell level left.
You knew the following spells:

 Your Spells              Type           Power        Failure   Level  Hunger
a - Flame Tongue          Conj/Fire      #####        1%          1    None
b - Throw Flame           Conj/Fire      #####.       1%          2    None
c - Conjure Flame         Conj/Fire      #####...     1%          3    #......
d - Sticky Flame          Conj/Fire      #####...     2%          4    ###....
e - Fireball              Conj/Fire      #####.....   5%          5    #####..


Dungeon Overview and Level Annotations

Branches:
Dungeon (3/15)

Altars:
Gozag


Message History

A puff of flame appears from out of thin air!
The puff of flame hits you!
* * * LOW HITPOINT WARNING * * *
You're too confused to move!
You hear some strange, mumbled words.
A puff of flame appears from out of thin air!
The puff of flame hits you! Something hits you.
* * * LOW HITPOINT WARNING * * *
You closely miss something. Something hits you.
* * * LOW HITPOINT WARNING * * *
You barely miss something. Something hits you but does no damage.
You barely miss something.
Reactivating autopickup.
Your Conjurations skill increases to level 4!
You feel a bit more experienced.
You hit the orc.
The orc is moderately wounded.
The orc hits you with a whip of electrocution.
You die...

## ##....###........ .#
#......÷......... 8##
##....###÷......# ..#
#....# #.......# ..#
#.#### #.......# ..# #.#
#.......#
)P#####.######.#+#######
..♣#............(.......
.(.##.##########@######
....).# #o# ......# #.#
...#### #)# .P.# #.#
..## #.# ..# #.. .8# ###
..#


You could see an orc.

Vanquished Creatures
  Sigmund (D:2)
  Natasha (thrice) (D:2)
  An orc wizard (D:3)
  6 adders
  An ooze (D:2)
  2 dart slugs
  5 leopard geckos
  7 orcs (D:3)
  2 giant cockroaches
  5 goblins
  6 hobgoblins
  8 jackals
  2 quokkas (D:2)
  3 ball pythons
  6 bats
  2 frilled lizards
  8 kobolds
  8 rats
76 creatures vanquished.

Notes
Turn   | Place    | Note
-------+----------+-------------------------------------------
     0 | D:1      | Spazmo the Deep Elf Fire Elementalist began the quest for the Orb.
     0 | D:1      | Reached XP level 1. HP: 10/10 MP: 6/6
   267 | D:1      | Reached XP level 2. HP: 15/15 MP: 6/8
   271 | D:1      | Learned a level 2 spell: Throw Flame
  1058 | D:2      | Reached XP level 3. HP: 15/19 MP: 3/9
  1064 | D:2      | Learned a level 3 spell: Conjure Flame
  1065 | D:2      | Noticed Natasha
  1078 | D:2      | Killed Natasha
  1237 | D:2      | Noticed Sigmund
  1239 | D:2      | Reached XP level 4. HP: 24/24 MP: 8/11
  1246 | D:2      | Killed Sigmund
  1246 | D:2      | Reached skill level 5 in Spellcasting
  1246 | D:2      | Reached XP level 5. HP: 16/28 MP: 3/14
  1257 | D:2      | Learned a level 4 spell: Sticky Flame
  1433 | D:2      | Noticed Natasha
  1439 | D:2      | Killed Natasha
  1439 | D:2      | Reached XP level 6. HP: 31/32 MP: 8/15
  1456 | D:2      | Learned a level 5 spell: Fireball
  1541 | D:2      | Noticed Natasha
  1544 | D:2      | Killed Natasha
  1644 | D:2      | Reached skill level 5 in Fire Magic
  2142 | D:3      | Found an opulent altar of Gozag.
  2470 | D:3      | Found a faded altar of an unknown god.
  2536 | D:3      | Slain by an orc

Vault maps used:
D:1:      scummos_arrival_forest, nrook_mini_backslash
D:2:      uniq_natasha, uniq_sigmund
D:3:      chequers_ecumenical_altar_lobes, first_bread, grunt_gozag_breadcrumbs

Skill      XL: |  1  2  3  4  5  6 |
---------------+-------------------+-----
Stealth        | 3 |  3.0
Dodging        | 3 |  3.1
Conjurations   | 2 3 4 |  4.0
Spellcasting   | 5 |  5.6
Fire Magic     | 4 5 |  5.1
Shields        | |  0.6

Action                   |  1- 3 |  4- 6 || total
-------------------------+-------+-------++-------
Melee: Unarmed           |     2 |       ||     2
       Dagger            |     2 |    10 ||    12
 Cast: Flame Tongue      |    57 |    76 ||   133
       Throw Flame       |       |     4 ||     4
       Sticky Flame      |       |     2 ||     2
  Use: Scroll            |     2 |     1 ||     3
       Potion            |       |     2 ||     2
  Eat: Chunk             |     1 |    13 ||    14
Armor: Robe              |     2 |     4 ||     6
Dodge: Dodged            |    13 |    16 ||    29
Block: Buckler           |       |     1 ||     1

Table legend:
 A = Spawn XP
 B = Non-spawn XP
 C = Spawn XP percentage of total XP
 D = Spawn monster count
 E = Non-spawn monster count
 F = Spawn count percentage of total count
 G = Total turns spent on level
                    A         B        C        D         E        F      G
               +---------+---------+-------+---------+---------+-------+---------
         Total |       0 |     569 |   0.0 |       0 |      76 |   0.0 |  2536
               +---------+---------+-------+---------+---------+-------+---------
           D:1 |       0 |      38 |   0.0 |       0 |      23 |   0.0 |  1037
           D:2 |       0 |     442 |   0.0 |       0 |      32 |   0.0 |   980
           D:3 |       0 |      89 |   0.0 |       0 |      21 |   0.0 |   519
               +---------+---------+-------+---------+---------+-------+---------
